 Dungeon Crawl Stone Soup version 0.22.0-13-g43fe8f2 (webtiles) character file.

14404 Amnesiac the Thrower (level 11, -2/90 HPs)
             Began as a Mummy Assassin on Aug 17, 2018.
             Was a High Priest of Okawaru.
             Hit by a tomahawk thrown by an orc warrior (10 damage)
             ... on level 1 of the Orcish Mines.
             The game lasted 00:27:40 (13857 turns).

Amnesiac the Thrower (Mummy Assassin)              Turns: 13857, Time: 00:27:41

Health: -2/90      AC:  7    Str: 20    XL:     11   Next: 88%
Magic:  16/16      EV:  6    Int: 11    God:    Okawaru [*****.]
Gold:   747        SH: 11    Dex: 12    Spells: 10/10 levels left

rFire    x . .     SeeInvis .   b - +4 blowgun
rCold    . . .     Gourm    .   g - +0 large shield
rNeg     + + +     Faith    .   s - +0 robe "Vofyakk" {-Tele rC- Regen+ Slay+6}
rPois    ∞         Spirit   .   n - +0 helmet
rElec    .         Reflect  .   d - +0 cloak
rCorr    +         Harm     .   t - +2 pair of gloves {Str+3}
MR       +....     NoTele   +   (no boots)
Stlth    ++........             E - amulet of the acrobat
HPRegen  0.65/turn              j - ring of resist corrosion
MPRegen  0.15/turn              k - -2 ring of dexterity (curse)

@: no status effects
A: no food or potions, fire vulnerability, cold resistance 1, negative energy
resistance 3, torment resistance, unbreathing
a: Heroism, Finesse, Renounce Religion


You were on level 1 of the Orcish Mines.
You worshipped Okawaru.
Okawaru was extremely pleased with you.
You were not hungry.

You visited 3 branches of the dungeon, and saw 11 of its levels.

You collected 747 gold pieces.

Inventory:

Hand Weapons
 a - a +0 hunting sling
 b - a +4 blowgun (weapon)
 c - a +2 dagger of protection
 f - a +4 scimitar of flaming
Missiles
 e - 52 poisoned needles
 h - 283 stones
 u - 3 steel tomahawks
 C - a sling bullet
 F - 7 curare-tipped needles
 G - 10 tomahawks of returning (quivered)
 I - 2 javelins of penetration
 J - 6 steel javelins
 K - 2 throwing nets
Armour
 d - a +0 cloak (worn)
 g - a +0 large shield (worn)
 n - a +0 helmet (worn)
 s - the +0 robe "Vofyakk" (worn) {-Tele rC- Regen+ Slay+6}
   (You took it off an orc on level 6 of the Dungeon)

   It affects your accuracy and damage with ranged weapons and melee attacks
   (+6).
   It makes you vulnerable to cold.
   It prevents most forms of teleportation.
   It increases your rate of regeneration.
 t - a +2 pair of gloves of strength (worn)
Jewellery
 j - a ring of resist corrosion (left hand)
 k - a cursed -2 ring of dexterity (right hand)
 E - an amulet of the acrobat (around neck)
Wands
 i - a wand of random effects (56)
 o - a wand of enslavement (25)
 D - a wand of polymorph (14)
Scrolls
 l - a scroll of noise {!r}
 m - 3 scrolls of teleportation {!r}
 p - 4 scrolls of remove curse {!r}
 r - a scroll of acquirement {!r}
 v - 2 scrolls of fear {!r}
 w - 2 scrolls of amnesia {!r}
 x - 2 scrolls of immolation {!r}
 y - 2 scrolls of blinking {!r}
 z - a scroll of magic mapping {!r}
 A - a scroll of fog {!r}
 B - a scroll of identify {!r}


   Skills:
 - Level 10.1 Fighting
 - Level 1.5 Short Blades
 - Level 12.0 Throwing
 - Level 1.0 Dodging
 - Level 3.2 Stealth
 + Level 7.7 Invocations


You had 10 spell levels left.
You didn't know any spells.
Your spell library contained the following spells:

 Spells                   Type           Power        Failure   Level  Hunger
 Magic Dart               Conj           #...         100%        1    N/A
 Confuse                  Hex            #.......     100%        3    N/A
 Iskenderun's Mystic Bla  Conj           #.......     100%        4    N/A
 Tukima's Dance           Hex            #.......     100%        3    N/A
 Ensorcelled Hibernation  Hex/Ice        #.....       100%        2    N/A
 Corona                   Hex            #......      100%        1    N/A
 Fulminant Prism          Conj/Hex       #.........   100%        4    N/A
 Dazzling Spray           Conj/Hex       #.....       100%        3    N/A
 Force Lance              Conj/Tloc      #.......     100%        4    N/A
 Searing Ray              Conj           #.....       100%        2    N/A

Dungeon Overview and Level Annotations

Branches:
Dungeon (9/15)             Temple (1/1) D:6            Lair (0/6) D:9
    Orc (1/2) D:9

Altars:
Ashenzari
Dithmenos
Elyvilon
Gozag
Hepliaklqana
Kikubaaqudgha
Makhleb
Nemelex Xobeh
Okawaru
Qazlal
Sif Muna
Trog
Vehumet
Xom
Yredelemnul
Zin
The Shining One

Shops:
D:8 %


Innate Abilities, Weirdness & Mutations

You do not eat or drink.
Your flesh is vulnerable to fire.
You are immune to poison.
Your flesh is cold resistant. (rC+)
You are immune to negative energy. (rN+++)
You are immune to unholy pain and torment.
You can survive without breathing.


Message History

An orc warrior is nearby!
An orc warrior is nearby!
You see here 6 tomahawks of returning.
G - 11 tomahawks of returning (gained 6) Quiver which item? (- for none, * to show all) (? for menu, Esc to quit)
Quivering
G - 11 tomahawks of returning for throwing.
Throwing (i - inventory. (/) - cycle)
G - 11 tomahawks of returning (quivered)
Press: ? - help, Shift-Dir - straight line, f - orc warrior
Aim: an orc warrior, wielding a dire flail and wearing a plate armour (hasn't noticed you)
You throw a tomahawk of returning. The orc warrior shouts!
The tomahawk of returning hits the orc warrior.
The orc warrior is moderately wounded.
The tomahawk of returning returns to your pack!
You hear a shout!
You hear two shouts!
The orc warrior throws a tomahawk.
The tomahawk hits you.
Throwing (i - inventory. (/) - cycle)
G - 11 tomahawks of returning (quivered)
Press: ? - help, Shift-Dir - straight line, f/p - orc warrior
Aim: an orc warrior, wielding a dire flail and wearing a plate armour (moderately wounded)
You throw a tomahawk of returning.
The tomahawk of returning hits the orc warrior!
The orc warrior is severely wounded.
The tomahawk of returning returns to your pack!
The orc warrior throws a tomahawk.
The tomahawk hits you!
An orc warrior comes into view. It is wielding a mace.
Throwing (i - inventory. (/) - cycle)
G - 11 tomahawks of returning (quivered)
Press: ? - help, Shift-Dir - straight line, f/p - orc warrior
Aim: an orc warrior, wielding a dire flail and wearing a plate armour (severely wounded)
You throw a tomahawk of returning.
The tomahawk of returning closely misses the orc warrior.
The tomahawk of returning returns to your pack!
The orc warrior throws a tomahawk.
The tomahawk hits you!!
* * * LOW HITPOINT WARNING * * *
The orc warrior throws a tomahawk.
The tomahawk hits you!
* * * LOW HITPOINT WARNING * * *
Throwing (i - inventory. (/) - cycle)
G - 11 tomahawks of returning (quivered)
Press: ? - help, Shift-Dir - straight line, f/p - orc warrior
Aim: an orc warrior, wielding a dire flail and wearing a plate armour (heavily wounded)
You throw a tomahawk of returning.
The tomahawk of returning hits the orc warrior but does no damage.
The orc warrior is heavily wounded.
The tomahawk of returning returns to your pack!
The orc warrior throws a tomahawk.
You block the tomahawk.
The orc warrior throws a tomahawk.
The tomahawk hits you!
* * * LOW HITPOINT WARNING * * *
Throwing (i - inventory. (/) - cycle)
G - 11 tomahawks of returning (quivered)
Press: ? - help, Shift-Dir - straight line, f/p - orc warrior
Aim: an orc warrior, wielding a dire flail and wearing a plate armour (heavily wounded)
You throw a tomahawk of returning.
The tomahawk of returning hits the orc warrior!
The orc warrior is severely wounded.
The tomahawk of returning fails to return to your pack!
The orc warrior throws a tomahawk.
The tomahawk barely misses you.
The orc warrior throws a tomahawk.
You block the tomahawk.
Throwing (i - inventory. (/) - cycle)
G - 10 tomahawks of returning (quivered)
Press: ? - help, Shift-Dir - straight line, f/p - orc warrior
Aim: an orc warrior, wielding a dire flail and wearing a plate armour (severely wounded)
You throw a tomahawk of returning.
The tomahawk of returning closely misses the orc warrior.
The tomahawk of returning returns to your pack!
The orc warrior throws a tomahawk.
The tomahawk hits you!
* * * LOW HITPOINT WARNING * * *
The orc warrior throws a tomahawk.
The tomahawk hits you!
You die...

#.(.# (...( #(.)#
#.o.# #.(o# .(. #)#
############(#####
#.......##.@)....##
##.#....#...).....#
##.....##..)....##
##..#...#(......#
#...#...........#
##.###..........##
######..........#
## ##.##......##.##
##. #...#....######
#..


You could see 2 orc warriors.

Vanquished Creatures
  An orc warlord (Orc:1)
  An ettin (D:9)
  Harold (D:9)
  Erica (D:8)
  An orc knight (Orc:1)
  A cyclops (D:9)
  2 queen bees (D:9)
  2 trolls (Orc:1)
  7 yaks
  Sigmund (D:4)
  3 hungry ghosts
  3 wargs
  18 orc warriors
  2 black bears
  An ice beast (D:6)
  3 sky beasts
  6 ogres
  3 centaurs
  2 bullfrogs
  A gnoll sergeant (D:6)
  A water moccasin zombie (D:7)
  A scorpion (D:8)
  57 killer bees
  8 wights
  A howler monkey (D:4)
  A crimson imp (D:6)
  4 orc priests
  A gnoll shaman (D:7)
  2 jellies
  2 bullfrog zombies
  4 hounds
  13 orc wizards
  A bullfrog skeleton (D:7)
  3 iguanas (D:5)
  8 worker ants
  A killer bee zombie (D:4)
  A hound zombie (D:5)
  A hound skeleton (D:4)
  Robin (D:1)
  A worker ant zombie (D:5)
  6 adders
  13 gnolls
  2 shadow imps
  An adder zombie (D:7)
  3 worms (D:4)
  2 dart slugs
  2 leopard geckos
  52 orcs
  2 ball pythons (D:5)
  5 bats
  4 giant cockroaches
  9 goblins
  5 hobgoblins (D:2)
  6 jackals
  3 kobolds
  4 quokkas
  4 frilled lizards
  A jackal skeleton (D:6)
  A quokka skeleton (D:4)
  A quokka zombie (D:8)
  4 rats
302 creatures vanquished.

Vanquished Creatures (others)
  2 rats (D:3)
  A plant (D:9)
3 creatures vanquished.

Grand Total: 305 creatures vanquished

Notes
Turn   | Place    | Note
-------+----------+-------------------------------------------
     0 | D:1      | Amnesiac the Mummy Assassin began the quest for the Orb.
     0 | D:1      | Reached XP level 1. HP: 16/16 MP: 1/1
    87 | D:1      | Reached skill level 2 in Throwing
   152 | D:1      | Reached XP level 2. HP: 18/22 MP: 2/2
   826 | D:2      | Noticed Robin
   867 | D:1      | Killed Robin
   867 | D:1      | Reached XP level 3. HP: 7/27 MP: 3/3
  1103 | D:2      | Reached skill level 3 in Throwing
  1285 | D:2      | Reached skill level 1 in Dodging
  1431 | D:2      | Found a shadowy altar of Dithmenos.
  1712 | D:2      | Found a faded altar of an unknown god.
  2072 | D:3      | Found a basalt altar of Yredelemnul.
  2171 | D:3      | Found a hazy altar of Hepliaklqana.
  2307 | D:3      | Found a white marble altar of Elyvilon.
  2309 | D:3      | Reached XP level 4. HP: 33/33 MP: 4/4
  2679 | D:3      | Found a shimmering altar of Xom.
  2701 | D:3      | Found a shimmering altar of Xom.
  2702 | D:3      | Found a shimmering altar of Xom.
  2702 | D:3      | Found a shimmering altar of Xom.
  2704 | D:3      | Found a shimmering altar of Xom.
  2705 | D:3      | Found a shimmering altar of Xom.
  3070 | D:4      | Reached skill level 4 in Throwing
  3070 | D:4      | Reached XP level 5. HP: 38/41 MP: 5/5
  3079 | D:4      | Noticed Sigmund
  3085 | D:4      | Killed Sigmund
  3085 | D:4      | Reached XP level 6. HP: 46/47 MP: 6/6
  3288 | D:4      | Reached skill level 5 in Throwing
  3608 | D:4      | Noticed a yak
  3633 | D:4      | Killed a yak
  3633 | D:4      | Reached XP level 7. HP: 38/55 MP: 7/7
  4024 | D:4      | Found a glowing silver altar of Zin.
  4311 | D:5      | Entered Level 5 of the Dungeon
  4472 | D:5      | Reached skill level 6 in Throwing
  4925 | D:5      | Reached skill level 5 in Fighting
  5246 | D:5      | Found a sparkling altar of Nemelex Xobeh.
  5270 | D:5      | Reached XP level 8. HP: 61/62 MP: 8/8
  5485 | D:5      | Reached skill level 7 in Throwing
  6338 | D:5      | HP: 1/64 [wight/enchanted scimitar (3)]
  6848 | D:6      | Found a staircase to the Ecumenical Temple.
  6862 | Temple   | Entered the Ecumenical Temple
  6870 | Temple   | Became a worshipper of Warmaster Okawaru
  6875 | Temple   | Reached skill level 8 in Throwing
  6943 | D:6      | Got an ichor-stained robe
  7256 | D:7      | Reached XP level 9. HP: 44/71 MP: 9/9
  8095 | D:6      | Found a shattered altar of Ashenzari.
  8279 | D:6      | Reached * piety under Okawaru
  8566 | D:7      | Reached skill level 9 in Throwing
  9722 | D:8      | Identified the +0 robe "Vofyakk" {-Tele rC- Regen+ Slay+6} (You took it off an orc on level 6 of the Dungeon)
  9768 | D:8      | Reached skill level 10 in Throwing
  9774 | D:8      | Noticed Erica
  9784 | D:8      | Reached ** piety under Okawaru
  9795 | D:8      | Killed Erica
  9795 | D:8      | Reached XP level 10. HP: 69/82 MP: 10/10
 10037 | D:8      | Found Buypt's Food Boutique.
 10331 | D:8      | Found a deep blue altar of Sif Muna.
 10516 | D:9      | Reached *** piety under Okawaru
 10727 | D:9      | Reached skill level 11 in Throwing
 10889 | D:9      | Received a gift from Okawaru
 10921 | D:9      | Found a staircase to the Lair.
 11363 | D:9      | Noticed a cyclops
 11391 | D:9      | Killed a cyclops
 11554 | D:9      | Reached **** piety under Okawaru
 11715 | D:9      | Found a staircase to the Orcish Mines.
 11884 | D:9      | Reached XP level 11. HP: 79/90 MP: 11/11
 11947 | D:9      | Reached skill level 10 in Fighting
 12355 | D:9      | Reached skill level 12 in Throwing
 12375 | D:9      | Reached ***** piety under Okawaru
 12553 | D:9      | Reached skill level 1 in Invocations
 12643 | Orc:1    | Entered Level 1 of the Orcish Mines
 12899 | Orc:1    | Received a gift from Okawaru
 13031 | Orc:1    | Noticed Harold
 13187 | D:9      | Killed Harold
 13281 | Orc:1    | Noticed an ettin
 13341 | D:9      | Killed an ettin
 13341 | D:9      | Reached skill level 5 in Invocations
 13356 | Orc:1    | Noticed an orc knight
 13358 | Orc:1    | Received a gift from Okawaru
 13360 | Orc:1    | Killed an orc knight
 13585 | Orc:1    | Noticed an orc warlord
 13698 | Orc:1    | Killed an orc warlord
 13698 | Orc:1    | Received a gift from Okawaru
 13727 | Orc:1    | Identified a scroll of acquirement {!r}
 13800 | Orc:1    | Received a gift from Okawaru
 13857 | Orc:1    | Hit by a tomahawk thrown by an orc warrior

Skill      XL: |  1  2  3  4  5  6  7  8  9 10 11 |
---------------+----------------------------------+-----
Throwing       | 2 3 4 5 6 8 10 11 12 | 12.0
Dodging        | 1 |  1.0
Fighting       | 3 4 5 6 8 9 10 | 10.1
Invocations    | 7 |  7.7
Short Blades   | |  1.5
Stealth        | |  3.2

Action                   |  1- 3 |  4- 6 |  7- 9 | 10-12 || total
-------------------------+-------+-------+-------+-------++-------
Melee: Dagger            |    73 |       |    20 |       ||    93
       Hunting sling     |       |       |     1 |       ||     1
 Fire: Blowgun           |     1 |     7 |    69 |    55 ||   132
       Hunting sling     |    51 |   127 |   587 |   506 ||  1271
Throw: Stone             |     3 |       |       |       ||     3
       Tomahawk          |       |     2 |    45 |    37 ||    84
       Javelin           |       |       |    66 |    24 ||    90
Invok: Heroism           |       |       |     1 |     6 ||     7
       Finesse           |       |       |       |     2 ||     2
Evoke: Wand              |       |       |     1 |       ||     1
  Use: Scroll            |       |     7 |     7 |     7 ||    21
 Stab: Sleeping          |     3 |       |       |       ||     3
Armor: Robe              |    10 |       |     1 |    79 ||    90
       Ring mail         |    13 |    31 |   182 |       ||   226
       Leather armour    |       |       |    39 |       ||    39
Dodge: Dodged            |    47 |    23 |   119 |   133 ||   322
Block: Large shield      |       |    16 |   356 |   235 ||   607
